 Dungeon Sprint DCSS version 0.31-a0-1009-g454b1f1e0a (webtiles) character file.

Game seed: 7711217964843563720

63 BinkBink the Covered (level 3, 0/37 HPs)
             Began as a Minotaur Fighter on Nov 15, 2023.
             Slain by a human (5 damage)
             ... in the Dungeon (Sprint III: "The Ten Rune Challenge").
             The game lasted 00:00:22 (62 turns).

BinkBink the Covered (Minotaur Fighter)               Turns: 62, Time: 00:00:22

Health: 0/37       AC:  7    Str: 22    XL:     3   Next: 89%
Magic:  2/2        EV:  9    Int:  5    God:
Gold:   0          SH:  5    Dex:  9    Spells: 2/2 levels left

rFire   . . .        a - +0 war axe
rCold   . . .        c - +0 buckler
rNeg    . . .        b - +0 scale mail
rPois   .            (helmet restricted)
rElec   .            (no cloak)
rCorr   .            (no gloves)
SInv    .            (no boots)
Will    .....        (no amulet) Stlth
                     (no ring)
HPRegen 0.26/turn    (no ring)
MPRegen 0.08/turn

%: no teleportation
@: no status effects
A: horns 2, retaliatory headbutt
a: no special abilities


You were in the Dungeon.
You visited 1 branch

Inventory:

Hand Weapons
 a - a +0 war axe (weapon)
Armour
 b - a +0 scale mail (worn)
 c - a +0 buckler (worn)
Scrolls
 j - a scroll of blinking
Potions
 d - a potion of might
 e - 2 potions of curing
 f - a potion of heal wounds
 g - a potion of haste
 h - 2 potions of magic
 i - a potion of berserk rage


   Skills:
 + Level 6.0 Fighting
 + Level 4.0 Axes
 + Level 6.2 Armour
 + Level 0.5 Dodging
 + Level 5.9 Shields


You had 2 spell levels left.
You didn't know any spells.
Your spell library was empty.

Dungeon Overview and Level Annotations

Branches:
Dungeon (1/1)

Altars:


Innate Abilities, Weirdness & Mutations

You have a pair of horns on your head.
You reflexively headbutt those who attack you in melee.


Message History

You barely miss the human. The human hits you.
Your Fighting skill gained 3 levels and is now at level 6!
Your Axes skill gained 2 levels and is now at level 4!
Your Armour skill gained 2 levels and is now at level 6!
Your Shields skill increases to level 5!
You have reached level 2!
You have reached level 3!
Your experience leads to an increase in your attributes!
Increase (S)trength, (I)ntelligence, or (D)exterity?
You feel stronger. x2
You miss the human. Your headbutt misses the human.
The human barely misses you.
You closely miss the human. Your headbutt misses the human.
The human closely misses you. x2; You furiously retaliate!
You headbutt the human! You closely miss the human. You headbutt the human!
The human is severely wounded.
The human hits you but does no damage.
You closely miss the human.
The human is severely wounded.
The human hits you but does no damage.
You barely miss the human.
The human is severely wounded.
The human hits you.
* * * LOW HITPOINT WARNING * * *
You block the human's attack.
You closely miss the human.
The human is severely wounded.
The human barely misses you.
You barely miss the human.
The human is severely wounded.
The human hits you!
* * * LOW HITPOINT WARNING * * *
You closely miss the human.
The human is severely wounded.
The human barely misses you. The human hits you but does no damage.
You hit the human. Your headbutt misses the human.
The human is severely wounded.
The human hits you.
You die...

▓...#......##
▓..##....†..# ..#
▓##.##.##...# ..#
##.##.###..# #..#
▓#.####.##..# ...+
▓.###..##.†## #...#
▓#.....##..###....#
###..##...##p....#
##..##....#.@....#
#..###..##.#.....#
#..# #.. ####....#
▓▓▓▓ ▓▓▓ ▓▓▓▓▓


You could see a human.

Vanquished Creatures
  A scorpion (D)
  4 rats (D)
5 creatures vanquished.

Notes
Turn   | Place    | Note
-------+----------+-------------------------------------------
     0 | D        | BinkBink the Minotaur Fighter began the quest for the Orb.
     0 | D        | Reached XP level 1. HP: 19/19 MP: 0/0
    50 | D        | Noticed a scorpion
    53 | D        | Killed a scorpion
    54 | D        | Reached skill level 5 in Shields
    54 | D        | Reached XP level 2. HP: 11/30 MP: 1/1
    54 | D        | Reached XP level 3. HP: 13/37 MP: 2/2
    62 | D        | Slain by a human

Illustrated notes

Levels and vault maps discovered:
D:        dungeon_sprint_mu [sprint_mu_entry_cave, sprint_mu_temple_rooms,
          sprint_mu_d1_spiders, sprint_mu_d2_genie, sprint_mu_d3_branching,
          sprint_mu_orc_legion, sprint_mu_elf_gauntlet, sprint_mu_hive_nellie,
          sprint_mu_lair_fedhas, sprint_mu_vaults_butterflies,
          sprint_mu_slime_circle, sprint_mu_swamp_cave, sprint_mu_shoals_archi,
          sprint_mu_blade_basic, sprint_mu_crypt_fortress,
          sprint_mu_tomb_spiral, sprint_mu_vestibule_basic,
          sprint_mu_gehenna_hellfire, sprint_mu_dis_giant,
          sprint_mu_tartarus_statrot, sprint_mu_cocytus_islands, sprint_mu_zot1]

Skill      XL: |  1 |
---------------+----+-----
Shields        | 5 |  5.9
Armour         | 6 |  6.2
Fighting       | 6 |  6.0
Axes           | 4 |  4.0
Dodging        | |  0.5

Action                     || total
---------------------------++-------
  Melee: War axe           ||    20
         Headbutt          ||     1
 Armour: Scale mail        ||    12
  Dodge: Dodged            ||    11
  Block: Buckler           ||     5

Table legend: (Time is in decaauts)
 A = Elapsed time spent in this place.
 B = Non-inter-level travel time spent in this place.
 C = Inter-level travel time spent in this place.
 D = Time resting spent in this place.
 E = Time spent auto-exploring this place.
 F = Levels seen in this place.
 G = Mean time per level.
                   A        B        C        D        E       F      G
               +--------+--------+--------+--------+--------+-----+--------+
         Total |     69 |     69 |      0 |      0 |     30 |   1 |   69.0 |
       Dungeon |     69 |     69 |      0 |      0 |     30 |   1 |   69.0 |
               +--------+--------+--------+--------+--------+-----+--------+

Top non-repeatable levels by time:
       D: 69 daAuts
